 Dungeon Crawl Stone Soup version 0.19-a0-1225-gf887c1c (webtiles) character file.

1100 PurpleRed the Destroyer (level 8, -13/41 HPs)
             Began as a Deep Elf Conjurer on Aug 25, 2016.
             Was an Initiate of Vehumet.
             Killed from afar by a steam dragon (22 damage)
             ... with a ball of steam
             ... on level 8 of the Dungeon.
             The game lasted 00:18:40 (2067 turns).

PurpleRed the Destroyer (Deep Elf Conjurer)         Turns: 2067, Time: 00:18:41

Health: -13/41     AC:  3    Str:  5    XL:     8   Next: 10%
Magic:  14/21      EV: 13    Int: 23    God:    Vehumet [......]
Gold:   257        SH:  0    Dex: 20    Spells: 4 memorised, 9 levels left

rFire  . . .     SeeInvis .     A - +3 rapier (vamp)
rCold  . . .     Gourm    .     a - +1 robe
rNeg   . . .     Faith    .     (no shield)
rPois  .         Spirit   .     (no helmet)
rElec  .         Dismiss  .     (no cloak)
rCorr  .         Reflect  .     (no gloves)
MR     .....     Harm     .     (no boots)
Stlth  ++........               (no amulet)
                                y - +2 ring of dexterity
                                d - +3 ring of dexterity

@: flying
A: no striking features
a: Renounce Religion


You were on level 8 of the Dungeon.
You worshipped Vehumet.
Vehumet was noncommittal.
You were near starving.

You visited 1 branch of the dungeon, and saw 9 of its levels.
You also visited: Sewer.

You collected 257 gold pieces.

Inventory:

Hand Weapons
 f - a +0 short sword
 n - a +0 blowgun
 A - a +3 vampiric rapier (weapon)
 C - a +0 shortbow
Missiles
 h - 38 poisoned needles
 D - 18 arrows
Armour
 a - a +1 robe (worn)
 v - a +0 buckler
Jewellery
 d - a +3 ring of dexterity (left hand)
 y - a +2 ring of dexterity (right hand)
Wands
 t - a wand of flame (38/48)
 u - a wand of iceblast (6/15)
Scrolls
 g - 2 scrolls of remove curse
 B - a scroll of recharging
Potions
 e - a potion of mutation {unknown}
 i - 5 potions of curing
 l - 2 potions of agility
 m - a potion of heal wounds {unknown}
 p - a potion of magic {unknown}
 s - a potion of flight
 w - a potion of invisibility {unknown}
 x - a potion of haste {unknown}
 z - 2 potions of ambrosia {unknown}
Books
 b - a book of Conjurations

   Spells                             Type                      Level
   a - Magic Dart                     Conjuration                  1
   b - Searing Ray                    Conjuration                  2
   c - Dazzling Spray                 Conjuration/Hexes            3
   d - Fulminant Prism                Conjuration/Hexes            4
   e - Iskenderun's Mystic Blast      Conjuration                  4
   f - Iskenderun's Battlesphere      Conjuration/Charms           5
 q - a book of Misfortune

   Spells                             Type                      Level
   a - Confusing Touch                Hexes                        1
   b - Confuse                        Hexes                        3
   c - Gell's Gravitas                Hexes/Translocation          3
   d - Petrify                        Transmutation/Earth          4
   e - Metabolic Englaciation         Hexes/Ice                    5
   f - Yara's Violent Unravelling     Hexes/Transmutation          5
Comestibles
 c - a bread ration
 o - 3 meat rations


   Skills:
 - Level 2.4 Dodging
 - Level 2.4 Stealth
 + Level 7.4 Spellcasting
 * Level 8.8 Conjurations
 + Level 5.5 Charms


You had 9 spell levels left.
You knew the following spells:

 Your Spells              Type           Power        Failure   Level  Hunger
a - Magic Dart            Conj           ####         1%          1    None
b - Searing Ray           Conj           #####.       1%          2    None
c - Iskenderun's Mystic   Conj           #####...     1%          4    ###....
d - Iskenderun's Battles  Conj/Chrm      #####...     12%         5    #####..


Dungeon Overview and Level Annotations

Branches:
Dungeon (9/15)             Temple (0/1) D:7
   Lair: D:8-11         Orc: D:9-12

Altars:
Ashenzari
Fedhas
Kikubaaqudgha
Okawaru
Vehumet
Xom
Zin


Message History

The steam dragon breathes steam at you. The ball of steam hits you!
You are engulfed in a cloud of scalding steam.
You are engulfed in a cloud of scalding steam.
* * * LOW HITPOINT WARNING * * *
You finish channeling your searing ray.
You are engulfed in a cloud of scalding steam.
* * * LOW HITPOINT WARNING * * *
It was a potion of curing.
You feel better. The steam dragon breathes steam at you.
The ball of steam misses you.
It was a potion of flight.
You feel very buoyant.
You fly up into the air.
You are engulfed in a cloud of scalding steam.
* * * LOW HITPOINT WARNING * * *
The steam dragon breathes steam at you. The ball of steam hits you!
Ouch! That really hurt!
You die...

#..#
#...#.......#
#...#######.#
#...# #.#
..... #.#
##...# #.#
#.# #.#
########.#
#.D@§§...#
#.######## #§
#. D. ##


You could see a steam dragon.

Vanquished Creatures
  The ghost of JuicyBBC the Conjurer, an amateur OpCj (D:4)
  An ice beast (D:8)
  A phantom (D:4)
  An ogre (D:8)
  A centaur (D:8)
  A big kobold (Sewer)
  A giant frog (D:8)
  A water moccasin zombie (D:6)
  A scorpion (D:8)
  A crimson imp (D:5)
  2 jellies (D:8)
  A centaur skeleton (D:4)
  An iguana (D:8)
  Ijyb (D:2)
  2 worker ants
  5 adders
  A river rat (Sewer)
  A white imp (D:5)
  3 worms (D:2)
  A dart slug (D:3)
  2 giant geckos
  4 giant cockroaches
  15 goblins
  4 hobgoblins
  4 jackals
  2 quokkas (D:5)
  A ball python skeleton (D:4)
  2 bats
  A giant gecko zombie (D:8)
  2 giant newts
  6 kobolds
  2 rats (Sewer)
73 creatures vanquished.

Notes
Turn   | Place    | Note
-------+----------+-------------------------------------------
     0 | D:1      | PurpleRed the Deep Elf Conjurer began the quest for the Orb.
     0 | D:1      | Reached XP level 1. HP: 10/10 MP: 6/6
   111 | D:1      | Reached XP level 2. HP: 15/15 MP: 1/8
   115 | D:1      | Learned a level 2 spell: Searing Ray
   270 | D:2      | Noticed Ijyb
   283 | D:2      | Reached skill level 5 in Conjurations
   286 | D:2      | Killed Ijyb
   286 | D:2      | Reached XP level 3. HP: 17/19 MP: 0/10
   589 | D:2      | Reached XP level 4. HP: 11/24 MP: 7/12
   668 | D:3      | Learned a level 4 spell: Iskenderun's Mystic Blast
   729 | D:4      | Noticed a phantom
   750 | D:4      | Killed a phantom
   750 | D:4      | Reached skill level 5 in Spellcasting
   750 | D:4      | Reached skill level 6 in Conjurations
   750 | D:4      | Reached XP level 5. HP: 28/28 MP: 3/14
   757 | D:4      | Learned a level 5 spell: Iskenderun's Battlesphere
   843 | D:4      | Found a glowing drain.
   851 | Sewer    | Entered a sewer
   912 | Sewer    | Reached skill level 1 in Charms
   934 | Sewer    | Found a white marble altar of Elyvilon.
  1057 | D:4      | Noticed JuicyBBC's ghost (amateur OpCj)
  1079 | D:4      | Reached XP level 6. HP: 19/32 MP: 7/16
  1082 | D:4      | Killed JuicyBBC's ghost
  1082 | D:4      | Reached skill level 7 in Conjurations
  1121 | D:3      | Found an iron altar of Okawaru.
  1121 | D:3      | Found a radiant altar of Vehumet.
  1121 | D:3      | Found a shimmering altar of Xom.
  1156 | D:3      | Found a shattered altar of Ashenzari.
  1158 | D:3      | Found an ancient bone altar of Kikubaaqudgha.
  1161 | D:3      | Became a worshipper of Vehumet
  1204 | D:5      | Entered Level 5 of the Dungeon
  1317 | D:5      | Reached XP level 7. HP: 16/36 MP: 12/18
  1608 | D:7      | Found a blossoming altar of Fedhas.
  1757 | D:8      | Reached skill level 8 in Conjurations
  1812 | D:8      | Found a glowing silver altar of Zin.
  1908 | D:8      | Reached skill level 5 in Charms
  1959 | D:8      | Reached XP level 8. HP: 41/41 MP: 7/21
  2067 | D:8      | Killed from afar by a steam dragon

Vault maps used:
D:1:      erik_arrival_cave_to_civilisation
D:2:      kennysheep_goblin_castle, first_bread
D:3:      grunt_temple_overflow_open, yredelemnul_altar_generic
D:4:      lightli_sewer_entry_pipes
D:5:      minmay_fire_ice_demons, uniq_grinder
D:7:      kennysheep_mini, grunt_livestock, eino_tiny_chamber, fedhas_altar_1,
          uniq_joseph
D:8:      basic_altar
D:9:      david_lair_generic
Sewer:    sewer_kobolds

Skill      XL: |  1  2  3  4  5  6  7 |
---------------+----------------------+-----
Conjurations   | 5 6 7 8 |  8.8
Spellcasting   | 4 5 6 7 |  7.4
Charms         | 1 3 5 |  5.5
Dodging        | |  2.4
Stealth        | |  2.4

Action                   |  1- 3 |  4- 6 |  7- 9 || total
-------------------------+-------+-------+-------++-------
Melee: Short sword       |    19 |       |       ||    19
 Fire: Hunting sling     |    18 |     4 |     7 ||    29
       Blowgun           |       |     7 |    13 ||    20
 Cast: Magic Dart        |    40 |    31 |    18 ||    89
       Searing Ray       |     4 |    11 |    12 ||    27
       Iskenderun's Batt |       |     1 |     2 ||     3
  Use: Scroll            |       |     5 |     3 ||     8
       Potion            |       |       |     2 ||     2
  Eat: Chunk             |       |     1 |     2 ||     3
       Bread ration      |       |       |     1 ||     1
Armor: Robe              |     5 |     4 |     4 ||    13
Dodge: Dodged            |    30 |    13 |    16 ||    59
